 Dungeon Crawl Stone Soup version 0.23.1 (webtiles) character file.

Game seed: 6646644658426471074

46 Kairos the Sneak (level 3, 0/16 HPs)
             Began as a Vine Stalker Enchanter on Mar 17, 2019.
             Succumbed to an adder's poison
             ... on level 2 of the Dungeon.
             The game lasted 00:02:06 (1445 turns).

Kairos the Sneak (Vine Stalker Enchanter)           Turns: 1445, Time: 00:02:07

Health: 0/16       AC:  3    Str: 10    XL:     3   Next: 66%
Magic:  7/7        EV: 13    Int: 15    God:
Gold:   19         SH:  3    Dex: 15    Spells: 5/6 levels left

rFire    . . .     SeeInvis .   i - +1 short sword (protect)
rCold    . . .     Gourm    .   f - +0 buckler
rNeg     . . .     Faith    .   c - +0 leather armour (curse)
rPois    .         Spirit   +   (no helmet)
rElec    .         Reflect  .   (no cloak)
rCorr    .         Harm     .   (no gloves)
MR       .....                  (no boots)
Stlth    +++.......             (no amulet)
HPRegen  0.05/turn              e - +2 ring of evasion
MPRegen  0.10/turn              (no ring)

@: lethally poisoned (0 -> -5)
A: fangs 2, magic shield, antimagic bite, no potion heal 3, rot immunity
a: no special abilities


You were on level 2 of the Dungeon.
You were near starving.

You visited 1 branch of the dungeon, and saw 2 of its levels.

You collected 19 gold pieces.

Inventory:

Hand Weapons
 a - a +1 dagger
 i - a +1 short sword of protection (weapon)
Armour
 b - a +0 robe
 c - a cursed +0 leather armour (worn)
 f - a +0 buckler (worn)
Jewellery
 e - a +2 ring of evasion (left hand)
Scrolls
 h - 2 scrolls of remove curse {unknown}
Potions
 g - a potion of agility
Comestibles
 d - 2 rations


   Skills:
 + Level 1.1 Short Blades
 + Level 0.1 Armour
 + Level 1.7 Dodging
 + Level 4.7 Stealth
 + Level 2.4 Spellcasting
 + Level 3.4 Hexes


You had 5 spell levels left.
You knew the following spells:

 Your Spells              Type           Power        Failure   Level  Hunger
a - Corona                Hex            ##.....      12%         1    #......

Your spell library contained the following spells:

 Spells                   Type           Power        Failure   Level  Hunger
 Ensorcelled Hibernation  Hex/Ice        #.....       34%         2    ###....
 Confuse                  Hex            ##......     34%         3    ###....
 Tukima's Dance           Hex            ##......     34%         3    ###....
 Dazzling Spray           Conj/Hex       #.....       56%         3    ###....


Dungeon Overview and Level Annotations

Branches:
Dungeon (2/15)

Altars:

Annotations:
D:2 Terence


Innate Abilities, Weirdness & Mutations

You have extremely sharp teeth.
When hurt, damage is shared between your health and your magic reserves.
Your bite disrupts and absorbs the magic of your enemies.
Potions cannot restore your health.
You are immune to rotting.


Message History

The adder is heavily wounded.
You feel sick. The adder barely misses you.
You hit the adder.
Your weapon exudes an aura of protection.
The adder is severely wounded.
You feel sick. The adder completely misses you.
You hit the adder.
You kill the adder!
You feel sick.
You feel sick.
* * * LOW HITPOINT WARNING * * *
You feel sick.
Okay, then.
* * * LOW HITPOINT WARNING * * *
You feel sick.
* * * LOW HITPOINT WARNING * * *
You feel sick.
* * * LOW HITPOINT WARNING * * *
You feel sick.
You die...

...##. ....#.###
........#
>.###...## .#
##...##### ##
##......###### #
#....#..)...### #
##....######...#
#
#..........@.#.##
#
####..#.####.#..#
. ##.#... #.##.#
#♣ #......#.##.#
# #####..#.##.# #
#.#.##.. #
.#.###. # ... .#
..


There were no monsters in sight!

Vanquished Creatures
  2 gnolls (D:2)
  An adder (D:2)
  2 dart slugs (D:1)
  3 bats
  2 hobgoblins (D:1)
  A frilled lizard (D:1)
  2 goblins (D:1)
  3 kobolds (D:1)
  A rat (D:1)
17 creatures vanquished.

Notes
Turn   | Place    | Note
-------+----------+-------------------------------------------
     0 | D:1      | Kairos the Vine Stalker Enchanter began the quest for the
                  | Orb.
     0 | D:1      | Reached XP level 1. HP: 9/9 MP: 4/4
   109 | D:1      | Reached skill level 4 in Stealth
   338 | D:1      | Reached XP level 2. HP: 13/13 MP: 6/6
   392 | D:1      | You fall through a shaft!
   392 | D:2      | Noticed Terence
  1131 | D:2      | Reached skill level 1 in Short Blades
  1131 | D:2      | Reached XP level 3. HP: 10/16 MP: 7/7
  1445 | D:2      | Succumbed to an adder's poison

Skill      XL: |  1  2 |
---------------+-------+-----
Stealth        | 4 |  4.7
Short Blades   | 1 |  1.1
Armour         | |  0.1
Dodging        | |  1.7
Spellcasting   | |  2.4
Hexes          | |  3.4

Action                   || total
-------------------------++-------
Melee: Dagger            ||    30
       Bite              ||    11
       Short sword       ||    33
  Use: Scroll            ||     1
 Stab: Sleeping          ||     5
Armor: Robe              ||     1
       Leather armour    ||    12
Dodge: Dodged            ||    40
Block: Buckler           ||     6
